 Dungeon Crawl Stone Soup version 0.18-a0-1323-g706dcef (webtiles) character file.

1075 namelastname112 the Insei (level 8, 0/66 HPs)
             Began as a Purple Draconian Monk on Feb 15, 2016.
             Was a Priest of Nemelex Xobeh.
             Slain by a phantom (6 damage)
             ... on level 5 of the Dungeon.
             The game lasted 00:08:40 (6108 turns).

namelastname112 the Insei (Purple Draconian Monk)   Turns: 6108, Time: 00:08:40

Health: 0/66       AC:  6    Str: 14    XL:     8   Next: 8%
Magic:  12/12      EV: 13    Int: 11    God:    Nemelex Xobeh [***...]
Gold:   255        SH:  0    Dex: 15    Spells: 0 memorised, 7 levels left

rFire  . . .     SeeInvis .       - Unarmed
rCold  . . .     Gourm    .     (armour unavailable)
rNeg   . . .     Faith    .     (no shield)
rPois  .         Spirit   .     (helmet restricted)
rElec  .         Dismiss  .     (no cloak)
rCorr  .         Reflect  .     (no gloves)
SustAt .         Harm     .     (no boots)
MR     ++...                    (no amulet)
Stlth  ++........               (no ring)
                                y - ring of protection from magic

@: short of breath, very resistant to hostile enchantments, unstealthy
A: breathe power, unfitting armour, cold-blooded, AC +6
a: Breathe Dispelling Energy, Triple Draw, Renounce Religion


You were on level 5 of the Dungeon.
You worshipped Nemelex Xobeh.
Nemelex Xobeh was most pleased with you.
You were hungry.

You visited 1 branch of the dungeon, and saw 5 of its levels.

You collected 289 gold pieces.

Inventory:

Armour
 m - a +0 shield
Jewellery
 y - a ring of protection from magic (left hand)
Wands
 z - a wand of enslavement (8/24)
Scrolls
 b - 2 scrolls of teleportation {unknown}
 c - 4 scrolls of recharging {unknown}
 d - 7 scrolls of identify {unknown}
 e - 3 scrolls of amnesia {unknown}
 g - a scroll of enchant armour {unknown}
 h - 3 scrolls of remove curse {unknown}
 n - a scroll of magic mapping {unknown}
 u - a scroll of fear {unknown}
 w - a scroll of noise {unknown}
Potions
 f - a potion of flight {unknown}
 k - 2 potions of might {unknown}
 p - 2 potions of heal wounds {unknown}
 r - 2 potions of curing {unknown}
 s - a potion of berserk rage {unknown}
 t - a potion of invisibility {unknown}
 v - a potion of magic {unknown}
Miscellaneous
 i - a plain deck of escape {drawn: 5}
 j - a plain deck of war {drawn: 7}
 x - a plain deck of war
Comestibles
 a - 6 bread rations
 l - 3 meat rations
 o - 2 beef jerkies


   Skills:
 + Level 4.1 Fighting
 + Level 3.4 Dodging
 - Level 1.7 Stealth
 * Level 7.6 Unarmed Combat
 * Level 6.4 Evocations


You had 7 spell levels left.
You didn't know any spells.

Dungeon Overview and Level Annotations

Branches:
Dungeon (5/15)
 Temple: D:4-7

Altars:
Ashenzari
Cheibriados
Dithmenos
Fedhas
Gozag
Nemelex Xobeh
Okawaru
Sif Muna
Trog
Vehumet
Xom
The Shining One

Shops:
D:4 :


Innate Abilities, Weirdness & Mutations

You can breathe bolts of dispelling energy.
Your rich purple scales are hard (AC +6).
Your body does not fit into most forms of armour.
You are cold-blooded and may be slowed by cold attacks.


Message History

The iguana is charmed.
Evoking this partially-identified wand wasted a few charges.
Something hits your iguana but does no damage.
The gnoll closely misses you.
Your iguana closely misses something.
Something barely misses your iguana. The gnoll closely misses your iguana.
Your iguana completely misses something.
You closely miss the phantom.
The phantom is heavily damaged.
Something barely misses your iguana.
The gnoll completely misses your iguana.
Your iguana closely misses something.
The phantom hits you.
* * * LOW HITPOINT WARNING * * *
Unknown command.
Drink which item? (? for menu, Esc to quit)
It was a potion of cure mutation.
It has a very clean taste.
Something completely misses your iguana.
The gnoll hits your iguana with a spear.
Your iguana bites the gnoll.
The phantom hits you.
You die...
Your body disappears without a glow.

#......#..#.....
#####..#..#..###
#......#..#.....
#......#..#.....
#..#####..#####.
#......#..#..)..
#...)..#..#.....
#####.W#..#..### #####
#.[l#.@#..#..# #...#
#.8.#..#..#..# #...##
#.(gl..#..# .+ #.....
#########..########....#
#.# #.# #.....##........
#.# #.# #.###...#######.
#.# #.# #..#..#..#######
#.# #.####...###........
#.# #.##..........######


You could see a phantom, a gnoll and a friendly iguana.

Vanquished Creatures
  The ghost of Azragoth the Sneak, an amateur HuAs (D:3)
  A phantom (D:5)
  A centaur (D:5)
  A hound (D:4)
  3 giant frog skeletons
  An orc priest (D:3)
  2 jellies (D:5)
  An iguana (D:5)
  An orc wizard (D:4)
  2 worker ants (D:4)
  A hound skeleton (D:5)
  8 adders
  A gnoll (D:5)
  A shadow imp (D:5)
  An adder skeleton (D:5)
  4 worms (D:4)
  2 giant geckos
  7 orcs
  5 giant cockroaches
  14 goblins
  9 hobgoblins
  11 jackals
  6 kobolds
  3 quokkas
  A ball python (D:3)
  9 bats
  2 giant newts (D:1)
  A quokka zombie (D:5)
  12 rats
112 creatures vanquished.

Vanquished Creatures (collateral kills)
  The ghost of Uberwunderbarhen the Insei, an amateur OpTm (D:4)
  Edmund (D:4)
  A water moccasin (D:4)
  An ogre (D:5)
  A centaur (D:5)
  An adder (D:5)
  A shadow imp (D:5)
  A giant gecko (D:5)
  A quokka (D:4)
9 creatures vanquished.

Vanquished Creatures (others)
  An orc (D:3)
1 creature vanquished.

Grand Total: 122 creatures vanquished

Notes
Turn   | Place    | Note
--------------------------------------------------------------
     0 | D:1      | namelastname112 the Draconian Monk began the quest for the Orb.
     0 | D:1      | Reached XP level 1. HP: 19/19 MP: 1/1
   387 | D:1      | Reached XP level 2. HP: 23/26 MP: 2/2
   914 | D:2      | Reached skill level 5 in Unarmed Combat
   914 | D:2      | Reached XP level 3. HP: 16/31 MP: 3/3
  1058 | D:2      | Found a sparkling altar of Nemelex Xobeh.
  1062 | D:2      | Became a worshipper of Nemelex Xobeh the Trickster
  1062 | D:2      | Received a gift from Nemelex Xobeh
  1062 | D:2      | Reached * piety under Nemelex Xobeh
  1062 | D:2      | Received a gift from Nemelex Xobeh
  1062 | D:2      | Reached ** piety under Nemelex Xobeh
  1244 | D:2      | Found a snail-covered altar of Cheibriados.
  1278 | D:2      | Found an opulent altar of Gozag.
  1440 | D:2      | Reached skill level 1 in Evocations
  1725 | D:2      | Reached XP level 4. HP: 29/38 MP: 5/5
  2145 | D:3      | You fall through a shaft!
  2378 | D:4      | Reached XP level 5. HP: 45/45 MP: 6/6
  2694 | D:3      | Found a shadowy altar of Dithmenos.
  2694 | D:3      | Found a glowing golden altar of the Shining One.
  2694 | D:3      | Found a deep blue altar of Sif Muna.
  2694 | D:3      | Found a shimmering altar of Xom.
  2697 | D:3      | Found a shattered altar of Ashenzari.
  2757 | D:4      | Reached skill level 6 in Unarmed Combat
  2977 | D:4      | Found Horuorej's Book Shop.
  3071 | D:4      | Noticed Edmund
  3092 | D:4      | Killed Edmund
  3092 | D:4      | Reached XP level 6. HP: 51/51 MP: 8/8
  3109 | D:4      | Noticed a moth of wrath
  3112 | D:4      | Found a bloodstained altar of Trog.
  3266 | D:4      | Noticed a water moccasin
  3281 | D:4      | Killed a water moccasin
  3363 | D:4      | Noticed Uberwunderbarhen's ghost (amateur OpTm)
  3370 | D:4      | Killed Uberwunderbarhen's ghost
  3577 | D:4      | Found a blossoming altar of Fedhas.
  3704 | D:3      | Found a radiant altar of Vehumet.
  3744 | D:3      | Reached *** piety under Nemelex Xobeh
  3813 | D:3      | Reached skill level 5 in Evocations
  3813 | D:3      | Reached XP level 7. HP: 34/57 MP: 11/11
  3813 | D:3      | Your scales start taking on a rich purple colour.
  4074 | D:3      | Found an iron altar of Okawaru.
  4575 | D:3      | Noticed Azragoth's ghost (amateur HuAs)
  4598 | D:3      | Killed Azragoth's ghost
  4598 | D:3      | Reached skill level 7 in Unarmed Combat
  4764 | D:5      | Entered Level 5 of the Dungeon
  5352 | D:5      | Received a gift from Nemelex Xobeh
  5779 | D:5      | Reached XP level 8. HP: 29/66 MP: 12/12
  6108 | D:5      | Slain by a phantom

Vault maps used:
D:1:      nicolae_arrival_memento_mori, minmay_misc_feat_chi
D:2:      cheibriados_altar_1, lemuel_round_altar, nemelex_diamond_rough_becter
D:3:      kennysheep_big_flooded_room, okawaru_gym_becter,
          nicolae_overflow_hidden_temple, fiery_altar_vehumet
D:4:      fedhas_altar_2, serial_shops, shop, tgw_trog, uniq_edmund
D:5:      kennysheep_windowed_halls, first_bread

Action                   |  1- 3 |  4- 6 |  7- 9 || total
-------------------------+-------+-------+-------++-------
Melee: Unarmed           |   137 |   152 |   185 ||   474
 Abil: Breathe Dispellin |       |       |     1 ||     1
Evoke: Deck              |       |    10 |     2 ||    12
       Wand              |       |       |     1 ||     1
  Use: Potion            |       |       |     1 ||     1
 Stab: Sleeping          |     6 |     2 |     3 ||    11
       Distracted        |       |     1 |     1 ||     2
  Eat: Chunk             |     2 |     7 |     7 ||    16
